Workbook

Sheet Sommaire
A1: Sommaire des compétences
A2: de: | B2: Inscrire votre nom ici et cliquez sur l'onglet 1 pour débuter | C2: Base | H2: Avancé
A3: Évaluation moyenne des compétences : | C3: 1 | D3: 2 | E3: 3 | F3: 4 | G3: 5 | H3: 6 | J3: 1 | K3: 2 | L3: 3 | M3: 4 | N3: 5 | O3: 6
A4: =UPPER('1'!$A$1)&" - "&'1'!$A$2 -> LECTURE - Repérer et résumer l'information pertinente | C4: =IF(Stat[[#This Row],[1]]>=MAX(Stat[#This Row]),"x","") -> x | D4: =IF(OR(C4="x"),0,IF(Stat[[#This Row],[2]]>=MAX(Stat[#This Row]),"x","")) -> 0 | E4: =IF(OR(D4="x",C4="x"),0,IF(Stat[[#This Row],[3]]>=MAX(Stat[#This Row]),"x","")) -> 0 | F4: =IF(OR(E4="x",D4="x",C4="x"),0,IF(Stat[[#This Row],[4]]>=MAX(Stat[#This Row]),"x","")) -> 0 | G4: =IF(OR(F4="x",E4="x",D4="x",C4="x"),0,IF(Stat[[#This Row],[5]]>=MAX(Stat[#This Row]),"x","")) -> 0 | H4: =IF(OR(G4="x",F4="x",E4="x",D4="x",C4="x"),0,IF(Stat[[#This Row],[6]]>=MAX(Stat[#This Row]),"x","")) -> 0 | J4: =COUNTA('1'!B4:B11) -> 0 | K4: =COUNTA('1'!C4:C11) -> 0 | L4: =COUNTA('1'!D4:D11) -> 0 | M4: =COUNTA('1'!E4:E11) -> 0 | N4: =COUNTA('1'!F4:F11) -> 0 | O4: =COUNTA('1'!G4:G11) -> 0
A5: =UPPER('2'!$A$1)&" - "&'2'!$A$2 -> UTILISATION DE DOCUMENTS - Trouver des documents contenant de l'information pertinente | C5: =IF(Stat[[#This Row],[1]]>=MAX(Stat[#This Row]),"x","") -> x | D5: =IF(OR(C5="x"),0,IF(Stat[[#This Row],[2]]>=MAX(Stat[#This Row]),"x","")) -> 0 | E5: =IF(OR(D5="x",C5="x"),0,IF(Stat[[#This Row],[3]]>=MAX(Stat[#This Row]),"x","")) -> 0 | F5: =IF(OR(E5="x",D5="x",C5="x"),0,IF(Stat[[#This Row],[4]]>=MAX(Stat[#This Row]),"x","")) -> 0 | G5: =IF(OR(F5="x",E5="x",D5="x",C5="x"),0,IF(Stat[[#This Row],[5]]>=MAX(Stat[#This Row]),"x","")) -> 0 | H5: =IF(OR(G5="x",F5="x",E5="x",D5="x",C5="x"),0,IF(Stat[[#This Row],[6]]>=MAX(Stat[#This Row]),"x","")) -> 0 | J5: =COUNTA('2'!B4:B7) -> 0 | K5: =COUNTA('2'!C4:C7) -> 0 | L5: =COUNTA('2'!D4:D7) -> 0 | M5: =COUNTA('2'!E4:E7) -> 0 | N5: =COUNTA('2'!F4:F7) -> 0 | O5: =COUNTA('2'!G4:G7) -> 0
A6: =UPPER('3'!$A$1)&" - "&'3'!$A$2 -> CALCUL - Calculer, évaluer, combiner et prévoir | C6: =IF(Stat[[#This Row],[1]]>=MAX(Stat[#This Row]),"x","") -> x | D6: =IF(OR(C6="x"),0,IF(Stat[[#This Row],[2]]>=MAX(Stat[#This Row]),"x","")) -> 0 | E6: =IF(OR(D6="x",C6="x"),0,IF(Stat[[#This Row],[3]]>=MAX(Stat[#This Row]),"x","")) -> 0 | F6: =IF(OR(E6="x",D6="x",C6="x"),0,IF(Stat[[#This Row],[4]]>=MAX(Stat[#This Row]),"x","")) -> 0 | G6: =IF(OR(F6="x",E6="x",D6="x",C6="x"),0,IF(Stat[[#This Row],[5]]>=MAX(Stat[#This Row]),"x","")) -> 0 | H6: =IF(OR(G6="x",F6="x",E6="x",D6="x",C6="x"),0,IF(Stat[[#This Row],[6]]>=MAX(Stat[#This Row]),"x","")) -> 0 | J6: =COUNTA('3'!B4:B11) -> 0 | K6: =COUNTA('3'!C4:C11) -> 0 | L6: =COUNTA('3'!D4:D11) -> 0 | M6: =COUNTA('3'!E4:E11) -> 0 | N6: =COUNTA('3'!F4:F11) -> 0 | O6: =COUNTA('3'!G4:G11) -> 0
A7: =UPPER('4'!$A$1)&" - "&'4'!$A$2 -> RÉDACTION - Rédiger un ensemble de documents | C7: =IF(Stat[[#This Row],[1]]>=MAX(Stat[#This Row]),"x","") -> x | D7: =IF(OR(C7="x"),0,IF(Stat[[#This Row],[2]]>=MAX(Stat[#This Row]),"x","")) -> 0 | E7: =IF(OR(D7="x",C7="x"),0,IF(Stat[[#This Row],[3]]>=MAX(Stat[#This Row]),"x","")) -> 0 | F7: =IF(OR(E7="x",D7="x",C7="x"),0,IF(Stat[[#This Row],[4]]>=MAX(Stat[#This Row]),"x","")) -> 0 | G7: =IF(OR(F7="x",E7="x",D7="x",C7="x"),0,IF(Stat[[#This Row],[5]]>=MAX(Stat[#This Row]),"x","")) -> 0 | H7: =IF(OR(G7="x",F7="x",E7="x",D7="x",C7="x"),0,IF(Stat[[#This Row],[6]]>=MAX(Stat[#This Row]),"x","")) -> 0 | J7: =COUNTA('4'!B4:B11) -> 0 | K7: =COUNTA('4'!C4:C11) -> 0 | L7: =COUNTA('4'!D4:D11) -> 0 | M7: =COUNTA('4'!E4:E11) -> 0 | N7: =COUNTA('4'!F4:F11) -> 0 | O7: =COUNTA('4'!G4:G11) -> 0
A8: =UPPER('5'!$A$1)&" - "&'5'!$A$2 -> COMMUNICATION - Trouver des ressources, les mettre en liaisons et obtenir de l'information | C8: =IF(Stat[[#This Row],[1]]>=MAX(Stat[#This Row]),"x","") -> x | D8: =IF(OR(C8="x"),0,IF(Stat[[#This Row],[2]]>=MAX(Stat[#This Row]),"x","")) -> 0 | E8: =IF(OR(D8="x",C8="x"),0,IF(Stat[[#This Row],[3]]>=MAX(Stat[#This Row]),"x","")) -> 0 | F8: =IF(OR(E8="x",D8="x",C8="x"),0,IF(Stat[[#This Row],[4]]>=MAX(Stat[#This Row]),"x","")) -> 0 | G8: =IF(OR(F8="x",E8="x",D8="x",C8="x"),0,IF(Stat[[#This Row],[5]]>=MAX(Stat[#This Row]),"x","")) -> 0 | H8: =IF(OR(G8="x",F8="x",E8="x",D8="x",C8="x"),0,IF(Stat[[#This Row],[6]]>=MAX(Stat[#This Row]),"x","")) -> 0 | J8: =COUNTA('5'!B4:B14) -> 0 | K8: =COUNTA('5'!C4:C14) -> 0 | L8: =COUNTA('5'!D4:D14) -> 0 | M8: =COUNTA('5'!E4:E14) -> 0 | N8: =COUNTA('5'!F4:F14) -> 0 | O8: =COUNTA('5'!G4:G14) -> 0
A9: =UPPER('6'!$A$1)&" - "&'6'!$A$2 -> TRAVAIL D’ÉQUIPE - Gérer des groupes des tâches et des horaires | C9: =IF(Stat[[#This Row],[1]]>=MAX(Stat[#This Row]),"x","") -> x | D9: =IF(OR(C9="x"),0,IF(Stat[[#This Row],[2]]>=MAX(Stat[#This Row]),"x","")) -> 0 | E9: =IF(OR(D9="x",C9="x"),0,IF(Stat[[#This Row],[3]]>=MAX(Stat[#This Row]),"x","")) -> 0 | F9: =IF(OR(E9="x",D9="x",C9="x"),0,IF(Stat[[#This Row],[4]]>=MAX(Stat[#This Row]),"x","")) -> 0 | G9: =IF(OR(F9="x",E9="x",D9="x",C9="x"),0,IF(Stat[[#This Row],[5]]>=MAX(Stat[#This Row]),"x","")) -> 0 | H9: =IF(OR(G9="x",F9="x",E9="x",D9="x",C9="x"),0,IF(Stat[[#This Row],[6]]>=MAX(Stat[#This Row]),"x","")) -> 0 | J9: =COUNTA('6'!B4:B9) -> 0 | K9: =COUNTA('6'!C4:C9) -> 0 | L9: =COUNTA('6'!D4:D9) -> 0 | M9: =COUNTA('6'!E4:E9) -> 0 | N9: =COUNTA('6'!F4:F9) -> 0 | O9: =COUNTA('6'!G4:G9) -> 0
A10: =UPPER('7'!$A$1)&" - "&'7'!$A$2 -> CAPACITÉ DE RAISONNEMENT - Prendre des décisions, évaluer les conséquences et résoudre des problèmes | C10: =IF(Stat[[#This Row],[1]]>=MAX(Stat[#This Row]),"x","") -> x | D10: =IF(OR(C10="x"),0,IF(Stat[[#This Row],[2]]>=MAX(Stat[#This Row]),"x","")) -> 0 | E10: =IF(OR(D10="x",C10="x"),0,IF(Stat[[#This Row],[3]]>=MAX(Stat[#This Row]),"x","")) -> 0 | F10: =IF(OR(E10="x",D10="x",C10="x"),0,IF(Stat[[#This Row],[4]]>=MAX(Stat[#This Row]),"x","")) -> 0 | G10: =IF(OR(F10="x",E10="x",D10="x",C10="x"),0,IF(Stat[[#This Row],[5]]>=MAX(Stat[#This Row]),"x","")) -> 0 | H10: =IF(OR(G10="x",F10="x",E10="x",D10="x",C10="x"),0,IF(Stat[[#This Row],[6]]>=MAX(Stat[#This Row]),"x","")) -> 0 | J10: =COUNTA('7'!B4:B9) -> 0 | K10: =COUNTA('7'!C4:C9) -> 0 | L10: =COUNTA('7'!D4:D9) -> 0 | M10: =COUNTA('7'!E4:E9) -> 0 | N10: =COUNTA('7'!F4:F9) -> 0 | O10: =COUNTA('7'!G4:G9) -> 0
A11: =UPPER('8'!$A$1)&" - "&'8'!$A$2 -> INFORMATIQUE - Utiliser des logiciels en bureautique | C11: =IF(Stat[[#This Row],[1]]>=MAX(Stat[#This Row]),"x","") -> x | D11: =IF(OR(C11="x"),0,IF(Stat[[#This Row],[2]]>=MAX(Stat[#This Row]),"x","")) -> 0 | E11: =IF(OR(D11="x",C11="x"),0,IF(Stat[[#This Row],[3]]>=MAX(Stat[#This Row]),"x","")) -> 0 | F11: =IF(OR(E11="x",D11="x",C11="x"),0,IF(Stat[[#This Row],[4]]>=MAX(Stat[#This Row]),"x","")) -> 0 | G11: =IF(OR(F11="x",E11="x",D11="x",C11="x"),0,IF(Stat[[#This Row],[5]]>=MAX(Stat[#This Row]),"x","")) -> 0 | H11: =IF(OR(G11="x",F11="x",E11="x",D11="x",C11="x"),0,IF(Stat[[#This Row],[6]]>=MAX(Stat[#This Row]),"x","")) -> 0 | J11: =COUNTA('8'!C4:C21) -> 0 | K11: =COUNTA('8'!D4:D21) -> 0 | L11: =COUNTA('8'!E4:E21) -> 0 | M11: =COUNTA('8'!F4:F21) -> 0 | N11: =COUNTA('8'!G4:G21) -> 0 | O11: =COUNTA('8'!H4:H21) -> 0
A12: =UPPER('9'!$A$1)&" - "&'9'!$A$2 -> FORMATION CONTINUE - Analyser ses besoins, trouver des ressources et connaitre son style d'apprentissage | C12: =IF(Stat[[#This Row],[1]]>=MAX(Stat[#This Row]),"x","") -> x | D12: =IF(OR(C12="x"),0,IF(Stat[[#This Row],[2]]>=MAX(Stat[#This Row]),"x","")) -> 0 | E12: =IF(OR(D12="x",C12="x"),0,IF(Stat[[#This Row],[3]]>=MAX(Stat[#This Row]),"x","")) -> 0 | F12: =IF(OR(E12="x",D12="x",C12="x"),0,IF(Stat[[#This Row],[4]]>=MAX(Stat[#This Row]),"x","")) -> 0 | G12: =IF(OR(F12="x",E12="x",D12="x",C12="x"),0,IF(Stat[[#This Row],[5]]>=MAX(Stat[#This Row]),"x","")) -> 0 | H12: =IF(OR(G12="x",F12="x",E12="x",D12="x",C12="x"),0,IF(Stat[[#This Row],[6]]>=MAX(Stat[#This Row]),"x","")) -> 0 | J12: =COUNTA('9'!B4:B9) -> 0 | K12: =COUNTA('9'!C4:C9) -> 0 | L12: =COUNTA('9'!D4:D9) -> 0 | M12: =COUNTA('9'!E4:E9) -> 0 | N12: =COUNTA('9'!F4:F9) -> 0 | O12: =COUNTA('9'!G4:G9) -> 0
A13: Total général : | C13: =COUNTIF(C4:C12,"x") -> 9 | D13: =COUNTIF(D4:D12,"x") -> 0 | E13: =COUNTIF(E4:E12,"x") -> 0 | F13: =COUNTIF(F4:F12,"x") -> 0 | G13: =COUNTIF(G4:G12,"x") -> 0 | H13: =COUNTIF(H4:H12,"x") -> 0

Sheet 1
A1: Lecture | B1: =Sommaire!B2 -> Inscrire votre nom ici et cliquez sur l'onglet 1 pour débuter
A2: Repérer et résumer l'information pertinente | B2: Base | G2: Avancé
A3: J'évalue mes compétences à : | B3: 1 | C3: 2 | D3: 3 | E3: 4 | F3: 5 | G3: 6
A4: Lettres
A5: Courriels
A6: Règlements
A7: Formulaires
A8: Tableaux
A9: Graphiques
A10: Manuels spécialisés
A11: Web

Sheet 2
A1: Utilisation de documents | B1: =Sommaire!B2 -> Inscrire votre nom ici et cliquez sur l'onglet 1 pour débuter
A2: Trouver des documents contenant de l'information pertinente | B2: Base | G2: Avancé
A3: J'évalue mes compétences à : | B3: 1 | C3: 2 | D3: 3 | E3: 4 | F3: 5 | G3: 6
A4: Réseau de l'entreprise
A5: Intranet
A6: Web
A7: Nuages

Sheet 3
A1: Calcul | B1: =Sommaire!B2 -> Inscrire votre nom ici et cliquez sur l'onglet 1 pour débuter
A2: Calculer, évaluer, combiner et prévoir | B2: Base | G2: Avancé
A3: J'évalue mes compétences à : | B3: 1 | C3: 2 | D3: 3 | E3: 4 | F3: 5 | G3: 6
A4: Équipements
A5: Remboursement de dépenses
A6: Montant de factures
A7: Taxes
A8: Rabais
A9: Budget
A10: Mesures
A11: Temps

Sheet 4
A1: Rédaction | B1: =Sommaire!B2 -> Inscrire votre nom ici et cliquez sur l'onglet 1 pour débuter
A2: Rédiger un ensemble de documents | B2: Base | G2: Avancé
A3: J'évalue mes compétences à : | B3: 1 | C3: 2 | D3: 3 | E3: 4 | F3: 5 | G3: 6
A4: Lettres
A5: Courriels
A6: Règlements
A7: Formulaires
A8: Tableaux
A9: Graphiques
A10: Manuels spécialisés
A11: Tâches

Sheet 5
A1: Communication | B1: =Sommaire!B2 -> Inscrire votre nom ici et cliquez sur l'onglet 1 pour débuter
A2: Trouver des ressources, les mettre en liaisons et obtenir de l'information | B2: Base | G2: Avancé
A3: J'évalue mes compétences à : | B3: 1 | C3: 2 | D3: 3 | E3: 4 | F3: 5 | G3: 6
A4: Appeler et répondre à un collègue
A5: Appeler et répondre à des clients
A6: Étiquette de la téléphonie
A7: Écrire et répondre à un collègue
A8: Écrire et répondre à un client
A9: Étiquette du numérique - Nétiquette
A10: Utiliser des outils d'enregistrement vocaux
A11: Enregistrer des informations sur des outils vocaux
A12: Organiser des réunions automatisées
A13: Modifier ou mettre à jour des réunions automatisées
A14: Clavarder

Sheet 6
A1: Travail d’équipe | B1: =Sommaire!B2 -> Inscrire votre nom ici et cliquez sur l'onglet 1 pour débuter
A2: Gérer des groupes des tâches et des horaires | B2: Base | G2: Avancé
A3: J'évalue mes compétences à : | B3: 1 | C3: 2 | D3: 3 | E3: 4 | F3: 5 | G3: 6
A4: Courriels
A5: Calendrier
A6: Tâches
A7: Contacts
A8: Groupe de contacts
A9: Notes

Sheet 7
A1: Capacité de raisonnement | B1: =Sommaire!B2 -> Inscrire votre nom ici et cliquez sur l'onglet 1 pour débuter
A2: Prendre des décisions, évaluer les conséquences et résoudre des problèmes | B2: Base | G2: Avancé
A3: J'évalue mes compétences à : | B3: 1 | C3: 2 | D3: 3 | E3: 4 | F3: 5 | G3: 6
A4: Organisation du travail
A5: Établissement de listes de priorités
A6: Évaluation de l'impact sur l'équipe
A7: Mise en place de solution de rechange
A8: Utilisation des outils numériques - Formulaires, bases de données, Calcul
A9: Création des outils numériques - Formulaires, bases de données, Calcul

Sheet 8
A1: Informatique | C1: =Sommaire!B2 -> Inscrire votre nom ici et cliquez sur l'onglet 1 pour débuter
A2: Utiliser des logiciels en bureautique | C2: Base | H2: Avancé
A3: J'évalue mes compétences à : | C3: 1 | D3: 2 | E3: 3 | F3: 4 | G3: 5 | H3: 6
A4: Traitement de texte | B4: Créer de courts documents
B5: Créer de longs documents
B6: Utiliser les styles
B7: Utiliser les renvois
B8: Utiliser les outils révision texte
A9: Tableur | B9: Créer de courts tableaux
B10: Créer des tableaux élaborés
B11: Utiliser les fonctions logiques
B12: Utiliser les outils de tris et de filtres
B13: Utiliser les fonctions de recherches
B14: Utiliser les tableaux croisés dynamiques
A15: Communication | B15: Gérer des courriels
B16: Créer des invitations
B17: Organiser les contacts
B18: Utiliser les outils de gestion de tâches
B19: Gérer les tâches d'un projet
B20: Configurer les options de partage
B21: Utiliser les outils de conservation de notes

Sheet 9
A1: Formation continue | B1: =Sommaire!B2 -> Inscrire votre nom ici et cliquez sur l'onglet 1 pour débuter
A2: Analyser ses besoins, trouver des ressources et connaitre son style d'apprentissage | B2: Base | G2: Avancé
A3: J'évalue mes compétences à : | B3: 1 | C3: 2 | D3: 3 | E3: 4 | F3: 5 | G3: 6
A4: Dans mon cadre actuel
A5: Dans mon cadre actuel, en formation continue
A6: Dans le cas d'un changement de description de tâche
A7: Comme autodidacte
A8: Pour utiliser les outils de formation en ligne
A9: Pour participer à des réunions en ligne - webinaire

Sheet Réponses au test
A1: Sommaire des compétences
A2: de: | B2: =Sommaire!B2 -> Inscrire votre nom ici et cliquez sur l'onglet 1 pour débuter | C2: Base | H2: Avancé
A3: ='1'!A3 -> J'évalue mes compétences à : | C3: 1 | D3: 2 | E3: 3 | F3: 4 | G3: 5 | H3: 6
A4: ='1'!A1 -> Lecture
A5: ='1'!A2 -> Repérer et résumer l'information pertinente
A6: ='1'!A4 -> Lettres | C6: ='1'!B4 -> 0 | D6: ='1'!C4 -> 0 | E6: ='1'!D4 -> 0 | F6: ='1'!E4 -> 0 | G6: ='1'!F4 -> 0 | H6: ='1'!G4 -> 0
A7: ='1'!A5 -> Courriels | C7: ='1'!B5 -> 0 | D7: ='1'!C5 -> 0 | E7: ='1'!D5 -> 0 | F7: ='1'!E5 -> 0 | G7: ='1'!F5 -> 0 | H7: ='1'!G5 -> 0
A8: ='1'!A6 -> Règlements | C8: ='1'!B6 -> 0 | D8: ='1'!C6 -> 0 | E8: ='1'!D6 -> 0 | F8: ='1'!E6 -> 0 | G8: ='1'!F6 -> 0 | H8: ='1'!G6 -> 0
A9: ='1'!A7 -> Formulaires | C9: ='1'!B7 -> 0 | D9: ='1'!C7 -> 0 | E9: ='1'!D7 -> 0 | F9: ='1'!E7 -> 0 | G9: ='1'!F7 -> 0 | H9: ='1'!G7 -> 0
A10: ='1'!A8 -> Tableaux | C10: ='1'!B8 -> 0 | D10: ='1'!C8 -> 0 | E10: ='1'!D8 -> 0 | F10: ='1'!E8 -> 0 | G10: ='1'!F8 -> 0 | H10: ='1'!G8 -> 0
A11: ='1'!A9 -> Graphiques | C11: ='1'!B9 -> 0 | D11: ='1'!C9 -> 0 | E11: ='1'!D9 -> 0 | F11: ='1'!E9 -> 0 | G11: ='1'!F9 -> 0 | H11: ='1'!G9 -> 0
A12: ='1'!A10 -> Manuels spécialisés | C12: ='1'!B10 -> 0 | D12: ='1'!C10 -> 0 | E12: ='1'!D10 -> 0 | F12: ='1'!E10 -> 0 | G12: ='1'!F10 -> 0 | H12: ='1'!G10 -> 0
A13: ='1'!A11 -> Web | C13: ='1'!B11 -> 0 | D13: ='1'!C11 -> 0 | E13: ='1'!D11 -> 0 | F13: ='1'!E11 -> 0 | G13: ='1'!F11 -> 0 | H13: ='1'!G11 -> 0
A14: ='2'!A1 -> Utilisation de documents
A15: ='2'!A2 -> Trouver des documents contenant de l'information pertinente
A16: ='2'!A4 -> Réseau de l'entreprise | C16: ='2'!B4 -> 0 | D16: ='2'!C4 -> 0 | E16: ='2'!D4 -> 0 | F16: ='2'!E4 -> 0 | G16: ='2'!F4 -> 0 | H16: ='2'!G4 -> 0
A17: ='2'!A5 -> Intranet | C17: ='2'!B5 -> 0 | D17: ='2'!C5 -> 0 | E17: ='2'!D5 -> 0 | F17: ='2'!E5 -> 0 | G17: ='2'!F5 -> 0 | H17: ='2'!G5 -> 0
A18: ='2'!A6 -> Web | C18: ='2'!B6 -> 0 | D18: ='2'!C6 -> 0 | E18: ='2'!D6 -> 0 | F18: ='2'!E6 -> 0 | G18: ='2'!F6 -> 0 | H18: ='2'!G6 -> 0
A19: ='2'!A7 -> Nuages | C19: ='2'!B7 -> 0 | D19: ='2'!C7 -> 0 | E19: ='2'!D7 -> 0 | F19: ='2'!E7 -> 0 | G19: ='2'!F7 -> 0 | H19: ='2'!G7 -> 0
A20: ='3'!A1 -> Calcul
A21: ='3'!A2 -> Calculer, évaluer, combiner et prévoir
A22: ='3'!A4 -> Équipements | C22: ='3'!B4 -> 0 | D22: ='3'!C4 -> 0 | E22: ='3'!D4 -> 0 | F22: ='3'!E4 -> 0 | G22: ='3'!F4 -> 0 | H22: ='3'!G4 -> 0
A23: ='3'!A5 -> Remboursement de dépenses | C23: ='3'!B5 -> 0 | D23: ='3'!C5 -> 0 | E23: ='3'!D5 -> 0 | F23: ='3'!E5 -> 0 | G23: ='3'!F5 -> 0 | H23: ='3'!G5 -> 0
A24: ='3'!A6 -> Montant de factures | C24: ='3'!B6 -> 0 | D24: ='3'!C6 -> 0 | E24: ='3'!D6 -> 0 | F24: ='3'!E6 -> 0 | G24: ='3'!F6 -> 0 | H24: ='3'!G6 -> 0
A25: ='3'!A7 -> Taxes | C25: ='3'!B7 -> 0 | D25: ='3'!C7 -> 0 | E25: ='3'!D7 -> 0 | F25: ='3'!E7 -> 0 | G25: ='3'!F7 -> 0 | H25: ='3'!G7 -> 0
A26: ='3'!A8 -> Rabais | C26: ='3'!B8 -> 0 | D26: ='3'!C8 -> 0 | E26: ='3'!D8 -> 0 | F26: ='3'!E8 -> 0 | G26: ='3'!F8 -> 0 | H26: ='3'!G8 -> 0
A27: ='3'!A9 -> Budget | C27: ='3'!B9 -> 0 | D27: ='3'!C9 -> 0 | E27: ='3'!D9 -> 0 | F27: ='3'!E9 -> 0 | G27: ='3'!F9 -> 0 | H27: ='3'!G9 -> 0
A28: ='3'!A10 -> Mesures | C28: ='3'!B10 -> 0 | D28: ='3'!C10 -> 0 | E28: ='3'!D10 -> 0 | F28: ='3'!E10 -> 0 | G28: ='3'!F10 -> 0 | H28: ='3'!G10 -> 0
A29: ='3'!A11 -> Temps | C29: ='3'!B11 -> 0 | D29: ='3'!C11 -> 0 | E29: ='3'!D11 -> 0 | F29: ='3'!E11 -> 0 | G29: ='3'!F11 -> 0 | H29: ='3'!G11 -> 0
A30: ='4'!A1 -> Rédaction
A31: ='4'!A2 -> Rédiger un ensemble de documents
A32: ='4'!A4 -> Lettres | C32: ='4'!B4 -> 0 | D32: ='4'!C4 -> 0 | E32: ='4'!D4 -> 0 | F32: ='4'!E4 -> 0 | G32: ='4'!F4 -> 0 | H32: ='4'!G4 -> 0
A33: ='4'!A5 -> Courriels | C33: ='4'!B5 -> 0 | D33: ='4'!C5 -> 0 | E33: ='4'!D5 -> 0 | F33: ='4'!E5 -> 0 | G33: ='4'!F5 -> 0 | H33: ='4'!G5 -> 0
A34: ='4'!A6 -> Règlements | C34: ='4'!B6 -> 0 | D34: ='4'!C6 -> 0 | E34: ='4'!D6 -> 0 | F34: ='4'!E6 -> 0 | G34: ='4'!F6 -> 0 | H34: ='4'!G6 -> 0
A35: ='4'!A7 -> Formulaires | C35: ='4'!B7 -> 0 | D35: ='4'!C7 -> 0 | E35: ='4'!D7 -> 0 | F35: ='4'!E7 -> 0 | G35: ='4'!F7 -> 0 | H35: ='4'!G7 -> 0
A36: ='4'!A8 -> Tableaux | C36: ='4'!B8 -> 0 | D36: ='4'!C8 -> 0 | E36: ='4'!D8 -> 0 | F36: ='4'!E8 -> 0 | G36: ='4'!F8 -> 0 | H36: ='4'!G8 -> 0
A37: ='4'!A9 -> Graphiques | C37: ='4'!B9 -> 0 | D37: ='4'!C9 -> 0 | E37: ='4'!D9 -> 0 | F37: ='4'!E9 -> 0 | G37: ='4'!F9 -> 0 | H37: ='4'!G9 -> 0
A38: ='4'!A10 -> Manuels spécialisés | C38: ='4'!B10 -> 0 | D38: ='4'!C10 -> 0 | E38: ='4'!D10 -> 0 | F38: ='4'!E10 -> 0 | G38: ='4'!F10 -> 0 | H38: ='4'!G10 -> 0
A39: ='4'!A11 -> Tâches | C39: ='4'!B11 -> 0 | D39: ='4'!C11 -> 0 | E39: ='4'!D11 -> 0 | F39: ='4'!E11 -> 0 | G39: ='4'!F11 -> 0 | H39: ='4'!G11 -> 0
A40: ='5'!A1 -> Communication
A41: ='5'!A2 -> Trouver des ressources, les mettre en liaisons et obtenir de l'information
A42: ='5'!A4 -> Appeler et répondre à un collègue | C42: ='5'!B4 -> 0 | D42: ='5'!C4 -> 0 | E42: ='5'!D4 -> 0 | F42: ='5'!E4 -> 0 | G42: ='5'!F4 -> 0 | H42: ='5'!G4 -> 0
A43: ='5'!A5 -> Appeler et répondre à des clients | C43: ='5'!B5 -> 0 | D43: ='5'!C5 -> 0 | E43: ='5'!D5 -> 0 | F43: ='5'!E5 -> 0 | G43: ='5'!F5 -> 0 | H43: ='5'!G5 -> 0
A44: ='5'!A6 -> Étiquette de la téléphonie | C44: ='5'!B6 -> 0 | D44: ='5'!C6 -> 0 | E44: ='5'!D6 -> 0 | F44: ='5'!E6 -> 0 | G44: ='5'!F6 -> 0 | H44: ='5'!G6 -> 0
A45: ='5'!A7 -> Écrire et répondre à un collègue | C45: ='5'!B7 -> 0 | D45: ='5'!C7 -> 0 | E45: ='5'!D7 -> 0 | F45: ='5'!E7 -> 0 | G45: ='5'!F7 -> 0 | H45: ='5'!G7 -> 0
A46: ='5'!A8 -> Écrire et répondre à un client | C46: ='5'!B8 -> 0 | D46: ='5'!C8 -> 0 | E46: ='5'!D8 -> 0 | F46: ='5'!E8 -> 0 | G46: ='5'!F8 -> 0 | H46: ='5'!G8 -> 0
A47: ='5'!A9 -> Étiquette du numérique - Nétiquette | C47: ='5'!B9 -> 0 | D47: ='5'!C9 -> 0 | E47: ='5'!D9 -> 0 | F47: ='5'!E9 -> 0 | G47: ='5'!F9 -> 0 | H47: ='5'!G9 -> 0
A48: ='5'!A10 -> Utiliser des outils d'enregistrement vocaux | C48: ='5'!B10 -> 0 | D48: ='5'!C10 -> 0 | E48: ='5'!D10 -> 0 | F48: ='5'!E10 -> 0 | G48: ='5'!F10 -> 0 | H48: ='5'!G10 -> 0
A49: ='5'!A11 -> Enregistrer des informations sur des outils vocaux | C49: ='5'!B11 -> 0 | D49: ='5'!C11 -> 0 | E49: ='5'!D11 -> 0 | F49: ='5'!E11 -> 0 | G49: ='5'!F11 -> 0 | H49: ='5'!G11 -> 0
A50: ='5'!A12 -> Organiser des réunions automatisées | C50: ='5'!B12 -> 0 | D50: ='5'!C12 -> 0 | E50: ='5'!D12 -> 0 | F50: ='5'!E12 -> 0 | G50: ='5'!F12 -> 0 | H50: ='5'!G12 -> 0
A51: ='5'!A13 -> Modifier ou mettre à jour des réunions automatisées | C51: ='5'!B13 -> 0 | D51: ='5'!C13 -> 0 | E51: ='5'!D13 -> 0 | F51: ='5'!E13 -> 0 | G51: ='5'!F13 -> 0 | H51: ='5'!G13 -> 0
A52: ='5'!A14 -> Clavarder | C52: ='5'!B14 -> 0 | D52: ='5'!C14 -> 0 | E52: ='5'!D14 -> 0 | F52: ='5'!E14 -> 0 | G52: ='5'!F14 -> 0 | H52: ='5'!G14 -> 0
A53: ='6'!A1 -> Travail d’équipe
A54: ='6'!A2 -> Gérer des groupes des tâches et des horaires
A55: ='6'!A4 -> Courriels | C55: ='6'!B4 -> 0 | D55: ='6'!C4 -> 0 | E55: ='6'!D4 -> 0 | F55: ='6'!E4 -> 0 | G55: ='6'!F4 -> 0 | H55: ='6'!G4 -> 0
A56: ='6'!A5 -> Calendrier | C56: ='6'!B5 -> 0 | D56: ='6'!C5 -> 0 | E56: ='6'!D5 -> 0 | F56: ='6'!E5 -> 0 | G56: ='6'!F5 -> 0 | H56: ='6'!G5 -> 0
A57: ='6'!A6 -> Tâches | C57: ='6'!B6 -> 0 | D57: ='6'!C6 -> 0 | E57: ='6'!D6 -> 0 | F57: ='6'!E6 -> 0 | G57: ='6'!F6 -> 0 | H57: ='6'!G6 -> 0
A58: ='6'!A7 -> Contacts | C58: ='6'!B7 -> 0 | D58: ='6'!C7 -> 0 | E58: ='6'!D7 -> 0 | F58: ='6'!E7 -> 0 | G58: ='6'!F7 -> 0 | H58: ='6'!G7 -> 0
A59: ='6'!A8 -> Groupe de contacts | C59: ='6'!B8 -> 0 | D59: ='6'!C8 -> 0 | E59: ='6'!D8 -> 0 | F59: ='6'!E8 -> 0 | G59: ='6'!F8 -> 0 | H59: ='6'!G8 -> 0
A60: ='6'!A9 -> Notes | C60: ='6'!B9 -> 0 | D60: ='6'!C9 -> 0 | E60: ='6'!D9 -> 0 | F60: ='6'!E9 -> 0 | G60: ='6'!F9 -> 0 | H60: ='6'!G9 -> 0
A61: ='7'!A1 -> Capacité de raisonnement
A62: ='7'!A2 -> Prendre des décisions, évaluer les conséquences et résoudre des problèmes
A63: ='7'!A4 -> Organisation du travail | C63: ='7'!B4 -> 0 | D63: ='7'!C4 -> 0 | E63: ='7'!D4 -> 0 | F63: ='7'!E4 -> 0 | G63: ='7'!F4 -> 0 | H63: ='7'!G4 -> 0
A64: ='7'!A5 -> Établissement de listes de priorités | C64: ='7'!B5 -> 0 | D64: ='7'!C5 -> 0 | E64: ='7'!D5 -> 0 | F64: ='7'!E5 -> 0 | G64: ='7'!F5 -> 0 | H64: ='7'!G5 -> 0
A65: ='7'!A6 -> Évaluation de l'impact sur l'équipe | C65: ='7'!B6 -> 0 | D65: ='7'!C6 -> 0 | E65: ='7'!D6 -> 0 | F65: ='7'!E6 -> 0 | G65: ='7'!F6 -> 0 | H65: ='7'!G6 -> 0
A66: ='7'!A7 -> Mise en place de solution de rechange | C66: ='7'!B7 -> 0 | D66: ='7'!C7 -> 0 | E66: ='7'!D7 -> 0 | F66: ='7'!E7 -> 0 | G66: ='7'!F7 -> 0 | H66: ='7'!G7 -> 0
A67: ='7'!A8 -> Utilisation des outils numériques - Formulaires, bases de données, Calcul | C67: ='7'!B8 -> 0 | D67: ='7'!C8 -> 0 | E67: ='7'!D8 -> 0 | F67: ='7'!E8 -> 0 | G67: ='7'!F8 -> 0 | H67: ='7'!G8 -> 0
A68: ='7'!A9 -> Création des outils numériques - Formulaires, bases de données, Calcul | C68: ='7'!B9 -> 0 | D68: ='7'!C9 -> 0 | E68: ='7'!D9 -> 0 | F68: ='7'!E9 -> 0 | G68: ='7'!F9 -> 0 | H68: ='7'!G9 -> 0
A69: ='8'!A1 -> Informatique
A70: ='8'!A2 -> Utiliser des logiciels en bureautique
A71: ='8'!A4 -> Traitement de texte | B71: ='8'!B4 -> Créer de courts documents | C71: ='8'!C4 -> 0 | D71: ='8'!D4 -> 0 | E71: ='8'!E4 -> 0 | F71: ='8'!F4 -> 0 | G71: ='8'!G4 -> 0 | H71: ='8'!H4 -> 0
B72: ='8'!B5 -> Créer de longs documents | C72: ='8'!C5 -> 0 | D72: ='8'!D5 -> 0 | E72: ='8'!E5 -> 0 | F72: ='8'!F5 -> 0 | G72: ='8'!G5 -> 0 | H72: ='8'!H5 -> 0
B73: ='8'!B6 -> Utiliser les styles | C73: ='8'!C6 -> 0 | D73: ='8'!D6 -> 0 | E73: ='8'!E6 -> 0 | F73: ='8'!F6 -> 0 | G73: ='8'!G6 -> 0 | H73: ='8'!H6 -> 0
B74: ='8'!B7 -> Utiliser les renvois | C74: ='8'!C7 -> 0 | D74: ='8'!D7 -> 0 | E74: ='8'!E7 -> 0 | F74: ='8'!F7 -> 0 | G74: ='8'!G7 -> 0 | H74: ='8'!H7 -> 0
B75: ='8'!B8 -> Utiliser les outils révision texte | C75: ='8'!C8 -> 0 | D75: ='8'!D8 -> 0 | E75: ='8'!E8 -> 0 | F75: ='8'!F8 -> 0 | G75: ='8'!G8 -> 0 | H75: ='8'!H8 -> 0
A76: ='8'!A9 -> Tableur | B76: ='8'!B9 -> Créer de courts tableaux | C76: ='8'!C9 -> 0 | D76: ='8'!D9 -> 0 | E76: ='8'!E9 -> 0 | F76: ='8'!F9 -> 0 | G76: ='8'!G9 -> 0 | H76: ='8'!H9 -> 0
B77: ='8'!B10 -> Créer des tableaux élaborés | C77: ='8'!C10 -> 0 | D77: ='8'!D10 -> 0 | E77: ='8'!E10 -> 0 | F77: ='8'!F10 -> 0 | G77: ='8'!G10 -> 0 | H77: ='8'!H10 -> 0
B78: ='8'!B11 -> Utiliser les fonctions logiques | C78: ='8'!C11 -> 0 | D78: ='8'!D11 -> 0 | E78: ='8'!E11 -> 0 | F78: ='8'!F11 -> 0 | G78: ='8'!G11 -> 0 | H78: ='8'!H11 -> 0
B79: ='8'!B12 -> Utiliser les outils de tris et de filtres | C79: ='8'!C12 -> 0 | D79: ='8'!D12 -> 0 | E79: ='8'!E12 -> 0 | F79: ='8'!F12 -> 0 | G79: ='8'!G12 -> 0 | H79: ='8'!H12 -> 0
B80: ='8'!B13 -> Utiliser les fonctions de recherches | C80: ='8'!C13 -> 0 | D80: ='8'!D13 -> 0 | E80: ='8'!E13 -> 0 | F80: ='8'!F13 -> 0 | G80: ='8'!G13 -> 0 | H80: ='8'!H13 -> 0
B81: ='8'!B14 -> Utiliser les tableaux croisés dynamiques | C81: ='8'!C14 -> 0 | D81: ='8'!D14 -> 0 | E81: ='8'!E14 -> 0 | F81: ='8'!F14 -> 0 | G81: ='8'!G14 -> 0 | H81: ='8'!H14 -> 0
A82: ='8'!A15 -> Communication | B82: ='8'!B15 -> Gérer des courriels | C82: ='8'!C15 -> 0 | D82: ='8'!D15 -> 0 | E82: ='8'!E15 -> 0 | F82: ='8'!F15 -> 0 | G82: ='8'!G15 -> 0 | H82: ='8'!H15 -> 0
B83: ='8'!B16 -> Créer des invitations | C83: ='8'!C16 -> 0 | D83: ='8'!D16 -> 0 | E83: ='8'!E16 -> 0 | F83: ='8'!F16 -> 0 | G83: ='8'!G16 -> 0 | H83: ='8'!H16 -> 0
B84: ='8'!B17 -> Organiser les contacts | C84: ='8'!C17 -> 0 | D84: ='8'!D17 -> 0 | E84: ='8'!E17 -> 0 | F84: ='8'!F17 -> 0 | G84: ='8'!G17 -> 0 | H84: ='8'!H17 -> 0
B85: ='8'!B18 -> Utiliser les outils de gestion de tâches | C85: ='8'!C18 -> 0 | D85: ='8'!D18 -> 0 | E85: ='8'!E18 -> 0 | F85: ='8'!F18 -> 0 | G85: ='8'!G18 -> 0 | H85: ='8'!H18 -> 0
B86: ='8'!B19 -> Gérer les tâches d'un projet | C86: ='8'!C19 -> 0 | D86: ='8'!D19 -> 0 | E86: ='8'!E19 -> 0 | F86: ='8'!F19 -> 0 | G86: ='8'!G19 -> 0 | H86: ='8'!H19 -> 0
B87: ='8'!B20 -> Configurer les options de partage | C87: ='8'!C20 -> 0 | D87: ='8'!D20 -> 0 | E87: ='8'!E20 -> 0 | F87: ='8'!F20 -> 0 | G87: ='8'!G20 -> 0 | H87: ='8'!H20 -> 0
B88: ='8'!B21 -> Utiliser les outils de conservation de notes | C88: ='8'!C21 -> 0 | D88: ='8'!D21 -> 0 | E88: ='8'!E21 -> 0 | F88: ='8'!F21 -> 0 | G88: ='8'!G21 -> 0 | H88: ='8'!H21 -> 0
A89: ='9'!A1 -> Formation continue
A90: ='9'!A2 -> Analyser ses besoins, trouver des ressources et connaitre son style d'apprentissage
A91: ='9'!A4 -> Dans mon cadre actuel | C91: ='9'!B4 -> 0 | D91: ='9'!C4 -> 0 | E91: ='9'!D4 -> 0 | F91: ='9'!E4 -> 0 | G91: ='9'!F4 -> 0 | H91: ='9'!G4 -> 0
A92: ='9'!A5 -> Dans mon cadre actuel, en formation continue | C92: ='9'!B5 -> 0 | D92: ='9'!C5 -> 0 | E92: ='9'!D5 -> 0 | F92: ='9'!E5 -> 0 | G92: ='9'!F5 -> 0 | H92: ='9'!G5 -> 0
A93: ='9'!A6 -> Dans le cas d'un changement de description de tâche | C93: ='9'!B6 -> 0 | D93: ='9'!C6 -> 0 | E93: ='9'!D6 -> 0 | F93: ='9'!E6 -> 0 | G93: ='9'!F6 -> 0 | H93: ='9'!G6 -> 0
A94: ='9'!A7 -> Comme autodidacte | C94: ='9'!B7 -> 0 | D94: ='9'!C7 -> 0 | E94: ='9'!D7 -> 0 | F94: ='9'!E7 -> 0 | G94: ='9'!F7 -> 0 | H94: ='9'!G7 -> 0
A95: ='9'!A8 -> Pour utiliser les outils de formation en ligne | C95: ='9'!B8 -> 0 | D95: ='9'!C8 -> 0 | E95: ='9'!D8 -> 0 | F95: ='9'!E8 -> 0 | G95: ='9'!F8 -> 0 | H95: ='9'!G8 -> 0
A96: ='9'!A9 -> Pour participer à des réunions en ligne - webinaire | C96: ='9'!B9 -> 0 | D96: ='9'!C9 -> 0 | E96: ='9'!D9 -> 0 | F96: ='9'!E9 -> 0 | G96: ='9'!F9 -> 0 | H96: ='9'!G9 -> 0
